 Dungeon Crawl Stone Soup version 0.22-a0-305-gd21a89c538 (webtiles) character file.

11708 HereIgoKillingAgain the Severer (level 11, -4/92 HPs)
             Began as a Hill Orc Fighter on Mar 30, 2018.
             Was an Elder of Beogh.
             Slain by a tentacled starspawn (8 damage)
             ... on level 1 of the Abyss.
             The game lasted 00:16:55 (10335 turns).

HereIgoKillingAgain the Severer (Hill Orc Fighter) Turns: 10335, Time: 00:16:55

Health: -4/92      AC:  9    Str: 20    XL:     11   Next: 82%
Magic:  6/11       EV:  7    Int: 11    God:    Beogh [****..]
Gold:   824        SH:  9    Dex: 12    Spells: 10/10 levels left

rFire    + . .     SeeInvis +   H - +4 mace "Spiderslayer" {drain, rPois rF+ Dex+2}
rCold    . . .     Gourm    .   c - +0 shield
rNeg     . . .     Faith    .   b - +0 scale mail
rPois    +         Spirit   .   (no helmet)
rElec    .         Reflect  .   d - scarf {repulsion}
rCorr    .         Harm     .   (no gloves)
MR       .....                  E - +1 pair of boots
Stlth    ..........             m - amulet of regeneration
HPRegen  0.65/turn              D - ring of see invisible
MPRegen  0.12/turn              h - ring of flight

@: repel missiles
A: no striking features
a: Smiting, Recall Orcish Followers, Renounce Religion, Evoke Flight


You were on level 1 of the Abyss.
You worshipped Beogh.
Beogh was greatly pleased with you.
You were very hungry.

You visited 1 branch of the dungeon, and saw 11 of its levels.
You visited the Abyss 1 time.
You also visited: Bailey.

You collected 824 gold pieces.

Inventory:

Hand Weapons
 a - a +0 war axe
 g - a +2 whip of venom
 H - the +4 mace "Spiderslayer" (weapon) {drain, rPois rF+ Dex+2}
   (You found it on level 9 of the Dungeon)

   A truly terrible weapon, it drains the life of those it strikes.
   It affects your dexterity (+2).
   It protects you from fire.
   It protects you from poison.
Armour
 b - a +0 scale mail (worn)
 c - a +0 shield (worn)
 d - a scarf of repulsion (worn)
 r - a +0 cloak
 t - a scarf of cloud immunity
 E - a +1 pair of boots (worn)
 M - a +2 cloak of invisibility
Jewellery
 h - a ring of flight (right hand)
 i - an uncursed ring of resist corrosion {unknown}
 m - an amulet of regeneration (around neck)
 y - an uncursed ring of positive energy
 D - a ring of see invisible (left hand)
 K - an uncursed ring of positive energy
 L - an uncursed ring of positive energy
 Q - an uncursed ring of positive energy
 T - an uncursed amulet of the acrobat {unknown}
Wands
 p - a wand of paralysis (10)
 q - a wand of random effects (25)
 v - a wand of enslavement (11)
 B - a wand of flame (33)
 C - a wand of acid (11)
 I - a wand of polymorph (20)
 J - a wand of iceblast (3)
 U - a wand of digging (5)
Scrolls
 e - a scroll of amnesia
 l - 9 scrolls of remove curse
 s - 5 scrolls of enchant weapon
 x - 2 scrolls of silence {unknown}
 F - 3 scrolls of enchant armour
 G - 4 scrolls of identify
 P - a scroll of fear {unknown}
 V - a scroll of teleportation
Potions
 j - a potion of agility {unknown}
 k - 4 potions of brilliance {unknown}
 n - a potion of experience {unknown}
 o - 6 potions of lignification
 u - 3 potions of berserk rage
 w - 2 potions of degeneration
 z - a potion of cancellation {unknown}
 A - a potion of invisibility {unknown}
 N - a potion of flight
 R - 2 potions of curing
 S - a potion of mutation {unknown}
Comestibles
 f - 21 rations


   Skills:
 * Level 7.4 Fighting
 + Level 20.2 Axes
 + Level 5.2 Armour
 - Level 3.2 Shields


You had 10 spell levels left.
You didn't know any spells.

Dungeon Overview and Level Annotations

Branches:
Dungeon (11/15)            Temple (0/1) D:4            Lair (0/6) D:8
    Orc (0/2) D:10

Altars:
Ashenzari
Fedhas
Gozag
Kikubaaqudgha
Makhleb
Nemelex Xobeh
Ru
Trog
Uskayaw
Wu Jian
Xom
Yredelemnul
The Shining One

Annotations:
D:11 Sonja


Message History

The starspawn tentacle grabs you. The starspawn tentacle constricts you.
You block the tentacled starspawn's attack. x2
You completely miss the tentacled starspawn.
The starspawn tentacle loses its grip on you.
The tentacled starspawn is lightly damaged.
The starspawn tentacle closely misses you.
The starspawn tentacle grabs you.
* * * LOW HITPOINT WARNING * * *
The starspawn tentacle constricts you.
The tentacled starspawn barely misses you.
The tentacled starspawn engulfs you!
* * * LOW HITPOINT WARNING * * *
You sock the tentacled starspawn!
The starspawn tentacle loses its grip on you.
The tentacled starspawn is moderately damaged.
The starspawn tentacle barely misses you.
You block the starspawn tentacle's attack.
You block the tentacled starspawn's attack.
The tentacled starspawn engulfs you!
You die...

## #. ## .# ##
## . #. .##.# ..
##. . #.#.#.#
#..##
.####..w..## #.
.#.#...@X...#
#.##
.#..#..w.#.#
#....#.###.##.##
#. ....##.# .# #
#... #.##. #. ##
# #.. # ## #. ##
#... .#. ...
###.#.# # .. # .
##..##. .


You could see a tentacled starspawn and 2 starspawn tentacles.

Vanquished Creatures
  3 death yaks (D:8)
  Maurice (D:8)
  A centaur skeleton (D:10)
  Prince Ribbit (D:5)
  Grinder (D:5)
  3 hippogriffs
  A spriggan (D:7)
  9 yaks
  2 wyverns
  2 steam dragons (D:5)
  2 ice beasts
  A sky beast (D:8)
  10 orc warriors (Bailey)
  An ogre (D:5)
  2 eyes of draining
  11 centaurs
  3 big kobolds
  A bullfrog (D:5)
  2 gnoll sergeants
  2 scorpions
  3 killer bees (D:10)
  2 wights (D:9)
  3 electric eels (D:7)
  A vampire bat (D:9)
  2 howler monkeys
  3 crimson imps
  A quasit (D:9)
  2 centaur zombies
  6 hounds
  3 jellies
  An orc priest (D:7)
  Crazy Yiuf (D:2)
  2 bullfrog skeletons
  2 orc wizards
  Ijyb (D:3)
  3 iguanas
  8 worker ants
  A worker ant zombie (D:7)
  8 gnolls
  10 adders
  3 shadow imps
  2 oozes
  An adder skeleton (D:6)
  3 worms
  A dart slug (D:5)
  6 leopard geckos
  33 orcs
  6 giant cockroaches
  22 goblins
  10 hobgoblins
  10 jackals
  27 kobolds
  18 bats
  7 frilled lizards
  A giant cockroach zombie (D:5)
  2 jackal skeletons (D:5)
  A jackal zombie (D:6)
  11 rats
286 creatures vanquished.

Vanquished Creatures (collateral kills)
  The ghost of brujo666 the Thaumaturge, a journeyman GnWn of Ashenzari (D:9)
  An ugly thing (D:11)
  A hornet (D:10)
  5 yaks
  An orc warrior (D:10)
  A sky beast (D:9)
  A wyvern zombie (D:10)
  A wight (D:9)
  A bullfrog skeleton (D:11)
  A kobold (D:10)
14 creatures vanquished.

Vanquished Creatures (others)
  An orc knight (D:10)
  An orc warrior (D:11)
  2 orcs (D:11)
  2 fungi (D:5)
  A plant (D:7)
7 creatures vanquished.

Grand Total: 307 creatures vanquished

Notes
Turn   | Place    | Note
-------+----------+-------------------------------------------
     0 | D:1      | HereIgoKillingAgain the Hill Orc Fighter began the quest for the Orb.
     0 | D:1      | Reached XP level 1. HP: 19/19 MP: 1/1
     9 | D:1      | Reached skill level 3 in Axes
    58 | D:1      | Reached XP level 2. HP: 21/26 MP: 2/2
   174 | D:1      | Reached skill level 4 in Axes
   492 | D:2      | Found a runed door.
   551 | D:2      | Reached XP level 3. HP: 8/31 MP: 3/3
   803 | D:2      | Found an opulent altar of Gozag.
   827 | D:2      | Found a shimmering altar of Xom.
   848 | D:2      | Reached skill level 5 in Axes
   942 | D:2      | Found a sacrificial altar of Ru.
  1011 | D:2      | Reached XP level 4. HP: 26/39 MP: 4/4
  1268 | D:2      | Found a burning altar of Makhleb.
  1268 | D:2      | Found a basalt altar of Yredelemnul.
  1308 | D:2      | Found a hide-covered altar of Uskayaw.
  1691 | D:2      | Noticed Crazy Yiuf
  1700 | D:2      | Killed Crazy Yiuf
  1700 | D:2      | Reached skill level 6 in Axes
  1867 | D:3      | Reached XP level 5. HP: 45/45 MP: 5/5
  1874 | D:3      | Reached skill level 7 in Axes
  2347 | D:3      | Noticed Ijyb
  2359 | D:3      | Killed Ijyb
  2387 | D:3      | Reached skill level 8 in Axes
  2391 | D:3      | Reached XP level 6. HP: 51/51 MP: 6/6
  2674 | D:4      | Found a staircase to the Ecumenical Temple.
  2776 | D:4      | Found an ornate altar of the Wu Jian Council.
  2844 | D:4      | Became a worshipper of Beogh the Brigand
  2884 | D:4      | Reached skill level 9 in Axes
  3050 | D:4      | Reached XP level 7. HP: 57/57 MP: 7/7
  3324 | D:5      | Entered Level 5 of the Dungeon
  3467 | D:5      | Reached skill level 10 in Axes
  3696 | D:5      | Noticed Grinder
  3713 | D:5      | Killed Grinder
  3713 | D:5      | Reached skill level 11 in Axes
  3781 | D:5      | Reached XP level 8. HP: 33/64 MP: 8/8
  3981 | D:5      | Reached skill level 12 in Axes
  4204 | D:5      | Noticed Prince Ribbit
  4219 | D:5      | Killed Prince Ribbit
  4219 | D:5      | Reached skill level 13 in Axes
  4530 | D:6      | Reached * piety under Beogh
  4768 | D:7      | Noticed a hippogriff
  4778 | D:7      | Killed a hippogriff
  4778 | D:7      | Reached skill level 14 in Axes
  4778 | D:7      | Reached XP level 9. HP: 44/70 MP: 9/9
  4858 | D:7      | Found a glowing golden altar of the Shining One.
  4899 | D:7      | Found a blossoming altar of Fedhas.
  4899 | D:7      | Found an ancient bone altar of Kikubaaqudgha.
  4968 | D:7      | Reached skill level 15 in Axes
  5727 | D:7      | Found a sparkling altar of Nemelex Xobeh.
  5737 | D:7      | Found a bloodstained altar of Trog.
  6272 | D:8      | Reached skill level 16 in Axes
  6370 | D:8      | Noticed Maurice
  6390 | D:8      | Killed Maurice
  6457 | D:8      | Reached ** piety under Beogh
  6465 | D:8      | Reached XP level 10. HP: 69/77 MP: 10/10
  6530 | D:8      | Noticed a death yak
  6536 | D:8      | Noticed a death yak
  6537 | D:8      | Noticed a death yak
  6545 | D:8      | Reached skill level 17 in Axes
  6568 | D:8      | Killed a death yak
  6598 | D:8      | Killed a death yak
  6598 | D:8      | Reached skill level 18 in Axes
  6616 | D:8      | Killed a death yak
  6658 | D:8      | Found a flagged portal.
  6664 | Bailey   | Entered a bailey
  7006 | Bailey   | Reached skill level 19 in Axes
  7361 | Bailey   | Reached XP level 11. HP: 16/82 MP: 11/11
  7365 | Bailey   | HP: 1/82 [orc warrior/halberd (8)]
  8298 | D:8      | Found a staircase to the Lair.
  8405 | D:9      | Reached *** piety under Beogh
  8428 | D:9      | Got a faintly glowing mace
  8429 | D:9      | Identified the +4 mace "Spiderslayer" {drain, rPois rF+ Dex+2} (You found it on level 9 of the Dungeon)
  8682 | D:9      | Found a shattered altar of Ashenzari.
  8743 | D:9      | Noticed brujo666's ghost (journeyman GnWn)
  8754 | D:9      | Killed brujo666's ghost
  8754 | D:9      | Reached skill level 20 in Axes
  8948 | D:9      | Reached skill level 5 in Fighting
  9115 | D:10     | Entered Level 10 of the Dungeon
  9183 | D:10     | Found a shimmering altar of Xom.
  9185 | D:10     | Found a shimmering altar of Xom.
  9185 | D:10     | Found a shimmering altar of Xom.
  9291 | D:10     | Found a shimmering altar of Xom.
  9304 | D:10     | Found a staircase to the Orcish Mines.
  9483 | D:10     | Reached **** piety under Beogh
 10246 | D:11     | Noticed Sonja
 10247 | D:11     | Noticed a red ugly thing
 10260 | D:11     | Noticed a cyan ugly thing
 10264 | D:11     | Killed a red ugly thing
 10264 | D:11     | Reached skill level 5 in Armour
 10273 | D:11     | Cast into level 1 of the Abyss (Sonja)
 10326 | Abyss:1  | Noticed a tentacled starspawn
 10334 | Abyss:1  | HP: 4/92 [tentacled starspawn (11)]
 10335 | Abyss:1  | Slain by a tentacled starspawn

Vault maps used:
D:1:      dpeg_arrival_tiny_j
D:2:      lemuel_doored_altar, nicolae_gozag_cash_rules_everything_around_me,
          nicolae_overflow_hidden_temple, gammafunk_temple_overflow_forgotten,
          first_ration, uniq_crazy_yiuf_cottage
D:3:      kennysheep_goblin_castle
D:4:      kennysheep_mini, temple_pool_b, roderic_roman_lattice
D:5:      kennysheep_steamy, kennysheep_big_empty_room, uniq_prince_ribbit1,
          uniq_grinder
D:7:      grunt_temple_overflow_growth_and_decay, tso_altar,
          amethyst_overflow_temple_binary, serial_bayou_ford_a,
          serial_park_tiny_2, the_bakery
D:8:      dpeg_lair_monsters, enter_bailey_3, uniq_maurice
D:9:      ashenzari_conservatory_becter, roderic_batcave
D:10:     david_orc_2, xom_redecorated
D:11:     uniq_erolcha, uniq_sonja, uniq_snorg
Bailey:   bailey_polearm_flooded_kennysheep, bailey

Skill      XL: |  1  2  3  4  5  6  7  8  9 10 11 |
---------------+----------------------------------+-----
Axes           | 3 4 5 6 8 9 11 14 16 19 20 | 20.2
Fighting       | 7 |  7.4
Armour         | 5 |  5.2
Shields        | |  3.2

Action                   |  1- 3 |  4- 6 |  7- 9 | 10-12 || total
-------------------------+-------+-------+-------+-------++-------
Melee: War axe           |    16 |       |     8 |       ||    24
       Whip              |   105 |   234 |   411 |   378 ||  1128
       Mace              |       |       |       |   238 ||   238
Invok: Convert to Beogh  |       |     1 |       |       ||     1
       Recall Orcish Fol |       |       |       |     2 ||     2
 Abil: Evoke Flight      |       |     1 |       |    10 ||    11
       Stop Flying       |       |       |       |     1 ||     1
  Use: Scroll            |       |     6 |       |     7 ||    13
       Potion            |       |       |     2 |    14 ||    16
 Stab: Distracted        |       |       |       |     1 ||     1
  Eat: Chunk             |       |     6 |    12 |     7 ||    25
       Ration            |       |       |       |     2 ||     2
Armor: Scale mail        |    63 |   104 |    90 |   218 ||   475
       Skin              |       |       |    14 |    24 ||    38
Dodge: Dodged            |    41 |    85 |    88 |   162 ||   376
       Deflected         |       |       |       |     3 ||     3
Block: Shield            |    53 |   139 |   140 |   269 ||   601

Table legend:
 A = Spawn XP
 B = Non-spawn XP
 C = Spawn XP percentage of total XP
 D = Spawn monster count
 E = Non-spawn monster count
 F = Spawn count percentage of total count
 G = Total turns spent on level
                    A         B        C        D         E        F      G
               +---------+---------+-------+---------+---------+-------+---------
         Total |       0 |   16726 |   0.0 |       0 |     300 |   0.0 | 10335
               +---------+---------+-------+---------+---------+-------+---------
           D:1 |       0 |      31 |   0.0 |       0 |      21 |   0.0 |   476
           D:2 |       0 |     109 |   0.0 |       0 |      31 |   0.0 |  1284
           D:3 |       0 |     180 |   0.0 |       0 |      43 |   0.0 |   898
           D:4 |       0 |     315 |   0.0 |       0 |      17 |   0.0 |   666
           D:5 |       0 |    1265 |   0.0 |       0 |      16 |   0.0 |  1022
           D:6 |       0 |     242 |   0.0 |       0 |      11 |   0.0 |   422
           D:7 |       0 |    1585 |   0.0 |       0 |      33 |   0.0 |  1406
           D:8 |       0 |    4431 |   0.0 |       0 |      21 |   0.0 |   592
           D:9 |       0 |    2097 |   0.0 |       0 |      26 |   0.0 |   748
          D:10 |       0 |    2435 |   0.0 |       0 |      30 |   0.0 |   927
          D:11 |       0 |    1619 |   0.0 |       0 |      11 |   0.0 |   231
       Abyss:1 |       0 |     124 |   0.0 |       0 |       1 |   0.0 |    62
        Bailey |       0 |    2293 |   0.0 |       0 |      39 |   0.0 |  1601
               +---------+---------+-------+---------+---------+-------+---------
